 Dungeon Crawl Stone Soup version 0.25.0-11-g1f837a76a1 (webtiles) character file.

Game seed: 2985203366596305180

111 Delamore the Skirmisher (level 4, 0/30 HPs)
             Began as a Gargoyle Fighter on June 25, 2020.
             Slain by a gnoll
             ... wielding a +1 vorpal spear
              (2 damage)
             ... on level 2 of the Dungeon.
             The game lasted 00:01:27 (2276 turns).

Delamore the Skirmisher (Gargoyle Fighter)          Turns: 2276, Time: 00:01:27

Health: 0/30       AC: 11    Str: 21    XL:     4   Next: 92%
Magic:  4/4        EV:  7    Int:  8    God:
Gold:   43         SH:  9    Dex:  9    Spells: 3/3 levels left

rFire    . . .     SeeInvis .   e - +0 whip
rCold    . . .     Gourm    .   c - +0 kite shield
rNeg     + . .     Faith    .   b - +0 scale mail
rPois    ∞         Spirit   .   h - +0 helmet
rElec    +         Reflect  .   (no cloak)
rCorr    .         Harm     .   (no gloves)
MR       .....                  (no boots)
Stlth    ..........             (no amulet)
HPRegen  0.10/turn              (no ring)
MPRegen  0.09/turn              (no ring)

@: no status effects
A: negative energy resistance 1, electricity resistance, unbreathing,
petrification resistance, rot immunity, AC +3
a: no special abilities


You were on level 2 of the Dungeon.
You were hungry.

You visited 1 branch of the dungeon, and saw 2 of its levels.

You collected 43 gold pieces.

Inventory:

Hand Weapons
 a - a +0 flail
 e - a +0 whip (weapon)
Armour
 b - a +0 scale mail (worn)
 c - a +0 kite shield (worn)
 h - a +0 helmet (worn)
Scrolls
 g - a scroll of teleportation {unknown}
 i - a scroll of immolation {unknown}
 k - a scroll of blinking {unknown}
 l - a scroll of identify {unknown}
 n - a scroll of enchant weapon {unknown}
Potions
 d - a potion of might
 j - a potion of haste {unknown}
 m - a potion of lignification {unknown}
 o - a potion of stabbing {unknown}
 p - 2 potions of flight {unknown}
Comestibles
 f - 2 rations


   Skills:
 + Level 4.5 Fighting
 + Level 4.0 Maces & Flails
 - Level 3.2 Armour
 - Level 3.2 Shields


You had 3 spell levels left.
You didn't know any spells.
Your spell library was empty.

Dungeon Overview and Level Annotations

Branches:
Dungeon (2/15)

Altars:


Innate Abilities, Weirdness & Mutations

You are resistant to torment.
Your stone body is resilient. (AC +3)
You are immune to poison.
You resist negative energy. (rN+)
You are resistant to electric shocks. (rElec)
You can survive without breathing.
You are immune to petrification.
You are immune to rotting.


Message History

You hit the gnoll.
The gnoll is severely wounded.
The gnoll hits you but does no damage.
You hit the gnoll.
You kill the gnoll!
Your Maces & Flails skill increases to level 4!
You hit the hobgoblin.
You kill the hobgoblin!
You swing at nothing.
You block the gnoll's attack.
You swing at nothing.
The gnoll barely misses you.
You swing at nothing.
You block the gnoll's attack.
You swing at nothing.
You block the gnoll's attack.
You swing at nothing.
The gnoll barely misses you. You block the gnoll's attack.
Items here: )) ††††† You hit the gnoll.
The gnoll is moderately wounded.
The gnoll hits you with a +1 vorpal spear.
* * * LOW HITPOINT WARNING * * *
You die...

≈≈≈.♣≈≈≈≈.# #.# #####.#
≈≈≈_.≈≈≈≈.# ##.###.....#
≈≈≈.≈≈≈≈..## #..........#
≈≈≈≈≈≈≈≈...# #.####..##.# ##
≈≈≈≈≈≈≈≈≈.g# #.# #..##.###.
≈≈≈≈≈≈≈≈≈≈.# #.# #..#...##.
..≈≈≈.≈..≈.# #.# #.).#.#.#.
%≈...≈..≈..####.####.........
#########.gg@.....##.#.#.#.#.
#######.#.##.##...##.
#.#.##.........
#.#............
#..........###. ############
#. #. ##


You could see 2 gnolls.

Vanquished Creatures
  3 adders (D:2)
  A gnoll (D:2)
  2 oozes
  2 dart slugs
  A leopard gecko (D:1)
  2 giant cockroaches (D:1)
  8 goblins
  9 hobgoblins
  8 jackals (D:2)
  A quokka (D:2)
  4 bats
  3 frilled lizards
  5 kobolds
  10 rats
59 creatures vanquished.

Notes
Turn   | Place    | Note
-------+----------+-------------------------------------------
     0 | D:1      | Delamore the Gargoyle Fighter began the quest for the Orb.
     0 | D:1      | Reached XP level 1. HP: 14/14 MP: 1/1
   207 | D:1      | Reached XP level 2. HP: 10/19 MP: 2/2
   571 | D:1      | Reached XP level 3. HP: 17/23 MP: 3/3
  1799 | D:2      | Reached XP level 4. HP: 28/29 MP: 4/4
  2215 | D:2      | Found a faded altar of an unknown god.
  2276 | D:2      | Slain by a gnoll

Illustrated notes

Levels and vault maps discovered:
D:1:      dpeg_arrival_shrine, layout_basic
D:2:      layout_loops_ring, chequers_ecumenical_altar_island,
          grunt_ministairs_4, uniq_robin

Skill      XL: |  1  2  3  4 |
---------------+-------------+-----
Maces & Flails | 3 4 |  4.0
Fighting       | 4 |  4.5
Armour         | |  3.2
Shields        | |  3.2

Action                   |  1- 3 |  4- 6 || total
-------------------------+-------+-------++-------
Melee: Flail             |    12 |       ||    12
       Whip              |   148 |    88 ||   236
  Eat: Chunk             |     3 |     1 ||     4
Armor: Scale mail        |    62 |    78 ||   140
Dodge: Dodged            |    44 |    49 ||    93
Block: Kite shield       |    81 |    76 ||   157
